 Dungeon Crawl Stone Soup version 0.32-a0-630-g46d191b0ed (webtiles) character file.

Game seed: 13631864047025068009

341 Dittersdorf the Covered (level 6, -2/40 HPs)
             Began as a Gargoyle Fighter on Mar 6, 2024.
             Slain by a gnoll sergeant
             ... wielding a +0 spear
              (9 damage)
             ... on level 3 of the Dungeon.
             The game lasted 00:02:32 (2242 turns).

Dittersdorf the Covered (Gargoyle Fighter)          Turns: 2242, Time: 00:02:33

Health: -2/40      AC: 18    Str: 21    XL:     6   Next: 56%
Magic:  15/15      EV:  8    Int:  9    God:
Gold:   174        SH:  4    Dex:  9    Spells: 5/5 levels left

rFire   . . .        o - +0 flail (heavy)
rCold   . . .        c - +0 buckler
rNeg    + . .        l - +0 chain mail
rPois   ∞            (no helmet)
rElec   +            (no cloak)
rCorr   .            (no gloves)
SInv    .            (no boots)
Will    .....        (no amulet) Stlth
                     k - +4 ring of protection
HPRegen 0.26/turn    n - ring of magical power
MPRegen 0.14/turn

%: no passive effects
@: no status effects
A: sickness immunity, AC +4, negative energy resistance 1, electricity
resistance, torment resistance 1, petrification resistance
a: no special abilities


You were on level 3 of the Dungeon.
You visited 1 branch of the dungeon, and saw 3 of its levels.

You collected 174 gold pieces.

Inventory:

Hand Weapons
 o - a +0 heavy flail (weapon)
Armour
 c - a +0 buckler (worn)
 l - a +0 chain mail (worn)
Jewellery
 k - a +4 ring of protection (left hand)
 n - a ring of magical power (right hand)
Scrolls
 a - a scroll of immolation {unknown}
 e - 2 scrolls of identify {unknown}
 h - a scroll of vulnerability {unknown}
 i - 2 scrolls of teleportation {unknown}
 j - a scroll of poison {unknown}
Potions
 b - a potion of resistance {unknown}
 d - 2 potions of might
 f - 3 potions of curing {unknown}
 g - 3 potions of heal wounds {unknown}
 m - a potion of haste {unknown}


   Skills:
 + Level 4.8 Fighting
 + Level 3.7 Maces & Flails
 + Level 4.9 Armour
 + Level 4.8 Shields


You had 5 spell levels left.
You didn't know any spells.
Your spell library contained the following spells:

 Spells                   Type           Power      Damage    Failure   Level
 Slow                     Hex            0%         N/A       97%         1
 Confusing Touch          Hex            0%         N/A       100%        3
 Sigil of Binding         Hex            0%         N/A       100%        3
 Vampiric Draining        Necr           0%         2d6       100%        3


Dungeon Overview and Level Annotations

Branches:
Dungeon (3/15)

Altars:
Cheibriados
Dithmenos
Elyvilon
Wu Jian


Innate Abilities, Weirdness & Mutations

You are immune to sickness and miasma.
Your stone body is resilient. (AC +4)
You are immune to poison.
You resist negative energy. (rN+)
You are resistant to electric shocks. (rElec)
You are resistant to unholy torment.
You are immune to petrification.


Message History

You hit the gnoll but do no damage.
The gnoll is lightly wounded.
The gnoll hits you but does no damage. The orc hits you but does no damage.
The orc barely misses you. The gnoll closely misses you.
You bludgeon the gnoll!!
You kill the gnoll!
The orc hits you but does no damage. x4
You closely miss the orc. You block the orc's attack.
The orc barely misses you. x2; The orc hits you but does no damage.
You barely miss the orc. The orc completely misses you.
The orc hits you but does no damage. The orc closely misses you. x2
You hit the orc.
The orc is lightly wounded.
The orc hits you but does no damage. x2; You block the orc's attack.
The orc barely misses you.
You sock the orc!
You kill the orc!
The orc hits you but does no damage. You block the orc's attack.
You barely miss the orc. The orc hits you but does no damage.
You hit the orc.
The orc is moderately wounded.
The orc hits you with a +0 mace.
* * * LOW HITPOINT WARNING * * *
The orc hits you but does no damage.
You closely miss the orc.
The orc is moderately wounded.
The orc barely misses you. You block the orc's attack.
A gnoll sergeant comes into view. It is wielding a +0 spear.
You closely miss the orc.
The orc is moderately wounded.
The gnoll sergeant shouts!
You hear a shout!
The orc hits you but does no damage.
An orc comes into view. It is wielding a +1 dagger of venom.
The orc hits you but does no damage.
You hear a shout!
You completely miss the orc.
The orc is moderately wounded.
The orc hits you but does no damage.
The gnoll sergeant hits you from afar with a +0 spear!
You die...

#. #. #. #. ##########
#. ...'....' #. #.g.o#
#. #..))# ##
#########'''@####### #.
.........)))$o......
#.o
~~≈~~~~~~≈....~~~~~~~
≈####
≈~≈~≈≈≈~≈≈~....~~≈≈≈≈~
≈≈≈≈≈
~~~~≈~~≈~~≈~.)..~~~≈~~~
~~~~~
.......................
.....
..........>............
.....
.....#.#)$#####.......
.....
#.....#.######.######
#####


You could see a gnoll sergeant and 2 orcs.

Vanquished Creatures
  A howler monkey (D:3)
  A hound (D:3)
  Jessica (D:3)
  An orc wizard (D:3)
  5 adders
  8 gnolls (D:3)
  A ribbon worm (D:3)
  A dart slug (D:1)
  11 orcs (D:3)
  11 endoplasms
  A giant cockroach (D:2)
  4 goblins
  6 hobgoblins (D:2)
  14 jackals
  3 quokkas (D:2)
  3 ball pythons
  4 bats
  6 kobolds
  5 rats
87 creatures vanquished.

Notes
Turn   | Place    | Note
-------+----------+-------------------------------------------
     0 | D:1      | Dittersdorf the Gargoyle Fighter began the quest for the
                  | Orb.
     0 | D:1      | Reached XP level 1. HP: 14/14 MP: 1/1
   182 | D:1      | Reached XP level 2. HP: 10/19 MP: 2/2
   562 | D:1      | Reached XP level 3. HP: 22/23 MP: 3/3
   711 | D:2      | Found a white marble altar of Elyvilon.
   864 | D:2      | Reached XP level 4. HP: 16/29 MP: 4/4
  1510 | D:3      | Found a snail-covered altar of Cheibriados.
  1587 | D:3      | Found an ornate altar of the Wu Jian Council.
  1761 | D:3      | Reached XP level 5. HP: 25/33 MP: 5/5
  1882 | D:3      | Found a shadowy altar of Dithmenos.
  1994 | D:3      | Noticed Jessica
  1998 | D:3      | Killed Jessica
  2054 | D:3      | Reached XP level 6. HP: 35/39 MP: 6/6
  2242 | D:3      | Slain by a gnoll sergeant

Illustrated notes

Levels and vault maps discovered:
D:1:      minmay_arrival_four_houses, layout_loops_ring,
          minmay_indecisive_spiral
D:2:      layout_rooms, basic_altar
D:3:      lemuel_castle_with_subvaults [lemuel_castle_interior_carwin_3],
          layout_basic, nicolae_wu_jian_immortal_techniques, slow_altar_1,
          nicolae_dithmenos_shadow_blocks, st_stairs_9, uniq_jessica

Skill      XL: |  1  2  3  4 |
---------------+-------------+-----
Armour         | 4 |  4.9
Shields        | 4 |  4.8
Fighting       | 4 |  4.8
Maces & Flails | 3 |  3.7

Action                     |  1- 3 |  4- 6 || total
---------------------------+-------+-------++-------
  Melee: Flail             |    97 |   209 ||   306
 Armour: Scale mail        |    85 |     9 ||    94
         Chain mail        |       |   280 ||   280
  Dodge: Dodged            |    57 |   174 ||   231
  Block: Buckler           |    28 |    71 ||    99

Table legend: (Time is in decaauts)
 A = Elapsed time spent in this place.
 B = Non-inter-level travel time spent in this place.
 C = Inter-level travel time spent in this place.
 D = Time resting spent in this place.
 E = Time spent auto-exploring this place.
 F = Levels seen in this place.
 G = Mean time per level.
                   A        B        C        D        E       F      G
               +--------+--------+--------+--------+--------+-----+--------+
         Total |   2362 |   2285 |     77 |    102 |   1448 |   3 |  787.3 |
       Dungeon |   2362 |   2285 |     77 |    102 |   1448 |   3 |  787.3 |
               +--------+--------+--------+--------+--------+-----+--------+

Top non-repeatable levels by time:
     D:3: 899 daAuts
     D:1: 737 daAuts
     D:2: 725 daAuts
